 Dungeon Crawl Stone Soup version 0.28.0-62-gf88900778d (webtiles) character file.

Game seed: 7324033310714093509

3259 cbfl8 the Cleaver (level 9, -1/61 HPs)
             Began as a Demonspawn Fighter on Sept 8, 2023.
             Was an Initiate of Hepliaklqana.
             Slain by a two-headed ogre
             ... wielding a +0 halberd
              (12 damage)
             ... in a bailey.
             The game lasted 00:08:41 (7895 turns).

cbfl8 the Cleaver (Demonspawn Fighter)              Turns: 7895, Time: 00:08:42

Health: -1/61      AC: 11    Str: 22    XL:     9   Next: 68%
Magic:  0/18       EV:  9    Int: 10    God:    Hepliaklqana [......]
Gold:   178        SH: 10    Dex: 17    Spells: 8/8 levels left

rFire   . . .      SeeInvis .   a - +0 war axe (flame)
rCold   . . .      Faith    .   c - +0 buckler
rNeg    . . .      Spirit   +   b - +0 scale mail
rPois   +          Reflect  +   (helmet restricted)
rElec   +          Harm     .   l - +0 cloak
rCorr   +          Rampage  .   h - +0 pair of gloves
Will    .....                   (no boots)
Stlth   ..........              f - amulet "Keipoulia" {Reflect *Slow rElec rCorr MP+9 SH+5}
HPRegen 0.20/turn               e - +6 ring of strength
MPRegen 0.32/turn               o - ring of poison resistance

@: about to teleport
A: horns 2, magic shield, magic regeneration, sharp scales 1, hooves 1, frail 1,
mutation resistance 1
a: Renounce Religion


You were in a bailey.
You worshipped Hepliaklqana.
Hepliaklqana was noncommittal.
You visited 2 branches of the dungeon, and saw 8 of its levels.
You also visited: Bailey.

You collected 347 gold pieces.
You spent 169 gold pieces at shops.

Inventory:

Hand Weapons
 a - a +0 war axe of flaming (weapon)
Armour
 b - a +0 scale mail (worn)
 c - a +0 buckler (worn)
 h - a +0 pair of gloves (worn)
 l - a +0 cloak (worn)
Jewellery
 e - a +6 ring of strength (left hand)
 f - the amulet "Keipoulia" (around neck) {Reflect *Slow rElec rCorr MP+9 SH+5}
   (You found it on level 4 of the Dungeon)

   [amulet of reflection]

   It reflects blocked missile attacks.
   rElec:     It insulates you from electricity.
   MP:        It affects your magic capacity (+9).
   rCorr:     It protects you from acid and corrosion.
   *Slow:     It may slow you when you take damage.
   SH:        It affects your SH (+5).
 g - a +4 ring of evasion
 o - a ring of poison resistance (right hand)
Wands
 j - a wand of polymorph (4)
 t - a wand of iceblast (2) (quivered)
Scrolls
 i - 3 scrolls of noise
 q - a scroll of enchant weapon
 u - 4 scrolls of enchant armour
 v - a scroll of immolation
 x - a scroll of teleportation
 y - a scroll of blinking
Potions
 d - 4 potions of might
 n - a potion of cancellation
 p - a potion of curing


   Skills:
 + Level 5.6 Fighting
 + Level 8.0 Axes
 + Level 6.2 Armour
 + Level 4.7 Shields
 * Level 5.8 Evocations


You had 8 spell levels left.
You didn't know any spells.
Your spell library contained the following spells:

 Spells                   Type           Power      Damage    Failure   Level
 Animate Skeleton         Necr           0%         N/A       75%         1
 Magic Dart               Conj           0%         1d3       75%         1
 Pain                     Necr           0%         1d4       75%         1
 Shock                    Conj/Air       0%         1d3       75%         1
 Call Imp                 Summ           0%         N/A       87%         2
 Mephitic Cloud           Conj/Pois/Air  0%         N/A       98%         3
 Swiftness                Air            0%         N/A       98%         3
 Vampiric Draining        Necr           0%         2d6       98%         3
 Airstrike                Air            0%         N/A       100%        4


Dungeon Overview and Level Annotations

Branches:
Dungeon (7/15)             Temple (1/1) D:6          Bailey (1/1)

Altars:
Cheibriados
Fedhas
Gozag
Hepliaklqana
Nemelex Xobeh
Okawaru
Qazlal
Ru
Uskayaw
Vehumet
Wu Jian
Yredelemnul
Zin
The Shining One

Shops:
D:4 [*:(   D:6 =   D:7 (?[

Annotations:
D:3 1 runed translucent door, Crazy Yiuf
D:5 1 runed translucent door, cbfl8's ghost, novice DsFi
D:6 1 runed translucent door, cbfl8's ghost, amateur DsFi


Innate Abilities, Weirdness & Mutations

You have a pair of horns on your head.
When hurt, damage is shared between your health and your magic reserves.
You regenerate magic rapidly.
You are partially covered in razor-sharp scales. (AC +1, Slay +1)
You have large cloven feet.
You are frail. (-10% HP)
You are somewhat resistant to further mutation.


Message History

You block the spriggan's attack. You block the spriggan's attack.
The ogre hits you from afar with a +0 halberd!
The spriggan hits you with a +4 quarterstaff!
The spriggan drinks a potion.
The spriggan seems to grow stronger.
The spriggan misses you. The ogre closely misses you.
The spriggan hits you with a +2 hand axe of venom.
* * * LOW HITPOINT WARNING * * *
You block the spriggan's attack. You block the ogre's attack.
A two-headed ogre comes into view.
It is wielding a +0 halberd and a +0 glaive.
The spriggan hits you but does no damage.
A steam dragon comes into view.
The spriggan hits you with a +4 quarterstaff.
* * * LOW HITPOINT WARNING * * *
Unknown command.
Blink to where?
Press: ? - help, Dir - move target
As you read the scroll of blinking, it crumbles to dust.
The ogre shouts!
The spriggan shouts!
You hear a shout!
The ogre hits you but does no damage.
Blink to where?
Press: ? - help, Dir - move target
As you read the scroll of blinking, it crumbles to dust.
The spriggan hits you from afar with a +0 spear.
* * * LOW HITPOINT WARNING * * *
You block the spriggan's attack.
The spriggan hits you from afar with a +0 spear.
* * * LOW HITPOINT WARNING * * *
The two-headed ogre closely misses you.
The two-headed ogre hits you from afar with a +0 glaive.
* * * LOW HITPOINT WARNING * * *
The spriggan hits you but does no damage.
As you read the scroll of teleportation, it crumbles to dust.
You feel strangely unstable.
You block the two-headed ogre's attack. x2
The spriggan hits you from afar with a +0 spear.
* * * LOW HITPOINT WARNING * * *
You feel better.
The two-headed ogre hits you from afar with a +0 halberd!
You die...

... ...# .≈
≈...i#
####O#♣#♣))##
♣#i......#♣O.##
##.O♣♣♣♣♣§.##..#
#..♣♣ ♣♣..#..#
#Oi# #O.#))#
#..♣ ♣..♣..#
#.@# ♣ii#O.#
#..♣ ♣.§#..#
..♣#.O ♣..♣♣O.#
#..#♣..
D...##..##
#O.##.D...##..##
#O.#####♣#..##
#O........#
#.......#
#O≈i≈≈#


You could see a two-headed ogre, a steam dragon, 2 ogres and 2 spriggans.

Vanquished Creatures
  A two-headed ogre (D:4)
  Sigmund (D:6)
  2 spriggans (Bailey)
  Edmund (D:6)
  Menkaure (D:6)
  3 water moccasins
  7 ogres
  3 centaurs
  A phantom (D:6)
  A bullfrog (D:7)
  4 scorpions
  3 howler monkeys
  A hound (D:7)
  A bullfrog skeleton (D:7)
  An orc priest (D:7)
  Natasha (thrice) (D:2)
  A hound skeleton (D:4)
  2 adders (D:5)
  3 gnolls
  A white imp (D:7)
  An ufetubus (D:4)
  An adder skeleton (D:4)
  3 worms
  3 dart slugs
  9 orcs
  6 bats
  4 endoplasms
  3 giant cockroaches
  17 goblins
  7 hobgoblins
  2 quokkas
  9 ball pythons
  3 frilled lizards
  10 kobolds
  4 rats
123 creatures vanquished.

Vanquished Creatures (others)
  5 plants (D:2)
5 creatures vanquished.

Grand Total: 128 creatures vanquished

Notes
Turn   | Place    | Note
-------+----------+-------------------------------------------
     0 | D:1      | cbfl8 the Demonspawn Fighter began the quest for the Orb.
     0 | D:1      | Reached XP level 1. HP: 18/18 MP: 1/1
    65 | D:1      | Found a faded altar of an unknown god.
   404 | D:1      | Gained mutation: You have a pair of small horns on your
                  | head. [demonic ancestry]
   404 | D:1      | Reached XP level 2. HP: 23/24 MP: 2/2
   584 | D:1      | Reached skill level 2 in Axes
  1034 | D:2      | Reached skill level 1 in Evocations
  1034 | D:2      | Reached XP level 3. HP: 16/29 MP: 3/3
  1178 | D:2      | Noticed Natasha
  1186 | D:2      | Killed Natasha
  1219 | D:2      | Noticed Natasha
  1226 | D:2      | Killed Natasha
  1226 | D:2      | Noticed Natasha
  1227 | D:2      | Gained mutation: You regenerate magic rapidly. [demonic
                  | ancestry]
  1227 | D:2      | Reached XP level 4. HP: 22/35 MP: 4/4
  1238 | D:2      | Killed Natasha
  1617 | D:2      | Reached skill level 3 in Axes
  2602 | D:3      | Found a runed translucent door.
  2603 | D:3      | Noticed Crazy Yiuf
  2685 | D:3      | Found an ornate altar of the Wu Jian Council.
  2776 | D:3      | Reached XP level 5. HP: 41/41 MP: 5/5
  3350 | D:4      | Found Kaxzim Gipre's Weapon Boutique.
  3606 | D:4      | Found Olyjoini's Book Boutique.
  3695 | D:4      | Found Kauwol's Assorted Antiques.
  3698 | D:4      | Bought a scroll labelled DELOER BO LAAK for 20 gold pieces
  3698 | D:4      | Bought a scroll labelled DELOER BO LAAK for 20 gold pieces
  3698 | D:4      | Bought a scroll labelled NEUTUG KEIN for 20 gold pieces
  3756 | D:4      | Found Iruex's Armour Shoppe.
  3769 | D:4      | Identified the amulet "Keipoulia" {Reflect *Slow rElec
                  | rCorr MP+9 SH+5}
  4043 | D:4      | Noticed a two-headed ogre
  4306 | D:4      | HP: 1/42 [two-headed ogre/+0 giant spiked club (6)]
  4846 | D:4      | Reached XP level 6. HP: 36/48 MP: 6/6
  4860 | D:4      | Killed a two-headed ogre
  4861 | D:4      | Reached skill level 5 in Axes
  4861 | D:4      | Gained mutation: When hurt, damage is shared between your
                  | health and your magic reserves. [demonic ancestry]
  4861 | D:4      | Reached XP level 7. HP: 33/55 MP: 7/7
  5187 | D:4      | Bought a bubbling coppery potion for 18 gold pieces
  5228 | D:5      | Entered Level 5 of the Dungeon
  5288 | D:5      | Gained mutation: You have a pair of horns on your head.
                  | [demonic ancestry]
  5288 | D:5      | Reached XP level 8. HP: 43/61 MP: 8/8
  5404 | D:5      | Found a runed translucent door.
  5409 | D:5      | Noticed cbfl8's ghost (novice DsFi)
  5569 | D:5      | Reached skill level 6 in Axes
  5569 | D:5      | Reached skill level 5 in Armour
  5841 | D:5      | Found a stormy altar of Qazlal.
  5850 | D:5      | Found a basalt altar of Yredelemnul.
  6087 | D:5      | Found a blossoming altar of Fedhas.
  6518 | D:6      | Noticed Menkaure
  6525 | D:6      | Killed Menkaure
  6637 | D:6      | Found a runed translucent door.
  6637 | D:6      | Noticed cbfl8's ghost (amateur DsFi)
  6662 | D:6      | Found Cogerhoh's Jewellery Shop.
  6737 | D:6      | Noticed Sigmund
  6747 | D:6      | Killed Sigmund
  6750 | D:6      | Reached skill level 5 in Fighting
  6750 | D:6      | Reached skill level 7 in Axes
  6750 | D:6      | Gained mutation: You are partially covered in razor-sharp
                  | scales. (AC +1, Slay +1) [demonic ancestry]
  6750 | D:6      | Reached XP level 9. HP: 67/68 MP: 9/9
  6872 | D:6      | Gained mutation: You sometimes lose the ability to read
                  | scrolls when taking damage. [potion of mutation]
  6872 | D:6      | Gained mutation: Potions are less effective at restoring
                  | your health. [potion of mutation]
  6872 | D:6      | Gained mutation: You have a pair of large horns on your
                  | head. [potion of mutation]
  6873 | D:6      | Lost mutation: You sometimes lose the ability to read
                  | scrolls when taking damage. [potion of mutation]
  6873 | D:6      | Lost mutation: Potions are less effective at restoring your
                  | health. [potion of mutation]
  6873 | D:6      | Lost mutation: You have a pair of large horns on your head.
                  | [potion of mutation]
  6873 | D:6      | Gained mutation: Armour fits poorly on your strangely
                  | shaped body. [potion of mutation]
  6873 | D:6      | Gained mutation: You are resistant to electric shocks.
                  | (rElec) [potion of mutation]
  6873 | D:6      | Gained mutation: Your magical capacity is low. (-10% MP)
                  | [potion of mutation]
  6874 | D:6      | Lost mutation: Armour fits poorly on your strangely shaped
                  | body. [potion of mutation]
  6874 | D:6      | Lost mutation: Your magical capacity is low. (-10% MP)
                  | [potion of mutation]
  6874 | D:6      | Lost mutation: You are resistant to electric shocks.
                  | (rElec) [potion of mutation]
  6874 | D:6      | Gained mutation: You are frail. (-10% HP) [potion of
                  | mutation]
  6874 | D:6      | Gained mutation: You have large cloven feet. [potion of
                  | mutation]
  6874 | D:6      | Gained mutation: You are somewhat resistant to further
                  | mutation. [potion of mutation]
  6966 | D:6      | Found a staircase to the Ecumenical Temple.
  7096 | D:6      | Noticed Edmund
  7106 | D:6      | Killed Edmund
  7107 | D:6      | Reached skill level 5 in Evocations
  7267 | D:6      | Found a sacrificial altar of Ru.
  7288 | Temple   | Entered the Ecumenical Temple
  7312 | Temple   | Became a worshipper of Hepliaklqana the Forgotten
  7492 | D:7      | Found Xillon Ralee's Weapon Emporium.
  7543 | D:7      | Found Gabbig's Magic Scroll Shop.
  7556 | D:7      | Bought a scroll of identify for 26 gold pieces
  7556 | D:7      | Bought a scroll of teleportation for 39 gold pieces
  7556 | D:7      | Bought a scroll of identify for 26 gold pieces
  7574 | D:7      | Found Seneon's Antique Armour Boutique.
  7756 | D:7      | Found a flagged portal.
  7772 | Bailey   | Entered a bailey
  7855 | Bailey   | Reached skill level 8 in Axes
  7886 | Bailey   | Noticed a two-headed ogre
  7895 | Bailey   | Slain by a two-headed ogre

Illustrated notes

Levels and vault maps discovered:
D:1:      dpeg_arrival_oval, layout_loops_ring,
          ebering_ecumenical_altar_sacrificial, hangedman_abyss_or_decor_stabs
D:2:      layout_rooms, dk_noncrumbling_4, serial_bayou_crossing, uniq_natasha
D:3:      layout_rooms, nicolae_tso_carved_into_rock, nzn_wu_jian_contemplation,
          uniq_crazy_yiuf_cottage
D:4:      minmay_clustersquares, layout_loops_ring, serial_shops,
          nicolae_shop_stone, nicolae_shop_hallway_stairs,
          nicolae_shop_bloodbath_and_beyond, kennysheep_mini_moat
D:5:      layout_basic, fedhas_altar_1, overflow_temple_1_default,
          amcnicky_altar_gilded, hellmonk_ghost_happy_afterlife,
          grunt_ministairs_2, minmay_ogre_servants
D:6:      layout_cave_pools, nicolae_ru_path_of_blood,
          minmay_temple_entry_antechambers, serial_shops, shop,
          gammafunk_ghost_grave, uniq_edmund, uniq_menkaure, uniq_sigmund
D:7:      layout_cave_pools, enter_bailey_5, serial_shops,
          nicolae_shop_advertising_works [nicolae_subvault_shop_adworks], shop,
          shop_statue
Temple:   eino_wide_crystal_templ
Bailey:   bailey_polearm_enchanted_keep_hellmonk, bailey

Skill      XL: |  1  2  3  4  5  6  7  8  9 |
---------------+----------------------------+-----
Axes           | 2 3 5 7 8 |  8.0
Shields        | 3 4 |  4.7
Evocations     | 1 2 3 4 5 |  5.8
Armour         | 3 4 5 6 |  6.2
Fighting       | 4 5 |  5.6

Action                   |  1- 3 |  4- 6 |  7- 9 || total
-------------------------+-------+-------+-------++-------
Melee: War axe           |    66 |   128 |   128 ||   322
       Headbutt          |     4 |    14 |    27 ||    45
       Kick              |       |       |    19 ||    19
Evoke: Wand              |       |     4 |     4 ||     8
  Use: Scroll            |       |    10 |    14 ||    24
       Potion            |       |       |     7 ||     7
Armor: Scale mail        |    32 |    73 |    51 ||   156
Dodge: Dodged            |    25 |    64 |    60 ||   149
Block: Buckler           |     9 |    42 |    84 ||   135
